Map: Lerilak Crest

Players

AgCl

  • Race: Protoss Protoss

Torkk - Winner!

  • Race: Protoss Protoss

VOD

Have the link to the VOD?

Description

Time

  • Played on: May 3, 2015, 6:15 a.m.
  • Length: 7:55
Show
View Real Time Build Order
Export as new Build Order

AgCl Protoss 

Build Orders: Oracle Opening, Oracle Opening 

Get SALT Encoding   

  12  0:11  Pylon  
  12  0:12  Probe  
  13  0:24  Probe  
  14  0:32  Gateway  
  14  0:36  Probe  
  15  0:44  Assimilator  
  15  0:48  Probe (Chrono Boost)  
  16  0:59  Probe (Chrono Boost)  
  17  1:05  Probe  
  17  1:09  Pylon  
  18  1:17  Probe  
  19  1:19  Zealot (Chrono Boost)  
  21  1:28  Assimilator  
  21  1:32  Cybernetics Core  
  21  1:34  Probe (Chrono Boost)  
  22  1:46  Probe (Chrono Boost)  
  24  1:54  Probe (Chrono Boost)  
  24  2:03  Probe (Chrono Boost)  
  25  2:10  Stargate  
  25  2:12  Warp Gate  
  26  2:15  Probe (Chrono Boost)  
  26  2:24  Probe (Chrono Boost)  
  27  2:32  Probe (Chrono Boost)  
  26  2:45  Mothership Core (Chrono Boost)  
  28  2:54  Nexus  
  28  3:04  Pylon  
  28  3:21  Oracle (Chrono Boost)  
  28  3:23  Pylon  
  28  3:26  Gateway  
  30  3:42  Probe  
  31  3:54  Probe  
  31  3:55  Pylon  
  36  3:56  Robotics Facility  
  36  4:06  Probe  
  31  4:25  Forge  
  31  4:27  Probe (Chrono Boost)  
  31  4:31  Probe (Chrono Boost)  
  32  4:39  Probe (Chrono Boost)  
  32  4:40  Twilight Council  
  32  4:42  Probe (Chrono Boost)  
  32  4:43  Observer (Chrono Boost), Pylon  
  32  4:45  Probe (Chrono Boost)  
  34  4:48  Assimilator  
  34  4:51  Probe  
  34  4:53  Gateway  
  34  4:56  Probe  
  35  5:02  Photon Cannon  
  35  5:06  Photon Cannon  
  35  5:11  Stalker  
  35  5:19  Probe (Chrono Boost)  
  35  5:20  Photon Cannon  
  35  5:28  Probe (Chrono Boost)  
  35  5:29  Probe (Chrono Boost)  
  35  5:42  Dark Shrine  
  34  5:45  Stalker  
  34  5:49  Probe (Chrono Boost)  
  38  5:54  Stalker  
  38  5:55  Probe (Chrono Boost)  
  38  5:59  Probe (Chrono Boost)  
  38  6:03  Probe  
  38  6:08  Probe  
  38  6:12  Stalker  
  38  6:15  Stalker  
  38  6:17  Probe (Chrono Boost)  
  43  6:20  Probe (Chrono Boost)  
  44  6:32  Probe (Chrono Boost)  
  44  6:34  Probe (Chrono Boost)  
  44  6:38  Probe (Chrono Boost)  
  41  6:45  Assimilator  
  41  6:46  Probe (Chrono Boost)  
  43  6:48  Probe (Chrono Boost)  
  43  6:54  Probe (Chrono Boost)  
  44  6:55  Probe (Chrono Boost)  
  45  7:02  Dark Templar x3  
  53  7:10  Probe (Chrono Boost)  
  49  7:20  Nexus  
  49  7:21  Pylon  
  49  7:22  Probe (Chrono Boost)  
Show
View Real Time Build Order
Export as new Build Order

Torkk Protoss - Winner!

Build Orders: Phoenix Opening, Phoenix Opening 

Get SALT Encoding   

  12  0:01  Probe  
  13  0:14  Pylon  
  13  0:17  Probe  
  14  0:32  Probe (Chrono Boost)  
  14  0:34  Gateway  
  15  0:41  Probe (Chrono Boost)  
  16  0:49  Probe  
  17  0:50  Assimilator  
  17  0:53  Assimilator  
  17  1:02  Probe (Chrono Boost)  
  19  1:13  Probe (Chrono Boost)  
  19  1:19  Probe  
  19  1:21  Cybernetics Core  
  20  1:25  Pylon  
  20  1:31  Probe (Chrono Boost)  
  21  1:43  Probe (Chrono Boost)  
  22  1:50  Probe (Chrono Boost)  
  23  2:01  Stargate  
  23  2:02  Probe  
  23  2:03  Gateway  
  23  2:04  Warp Gate  
  24  2:17  Mothership Core (Chrono Boost)  
  26  2:23  Pylon  
  22  2:43  Probe  
  22  2:46  Phoenix (Chrono Boost)  
  24  2:52  Gateway  
  24  2:55  Probe  
  25  3:03  Phoenix (Chrono Boost)  
  27  3:08  Probe  
  28  3:21  Probe  
  29  3:28  Phoenix (Chrono Boost)  
  31  3:53  Phoenix (Chrono Boost)  
  33  3:56  Nexus  
  33  4:00  Probe  
  34  4:12  Probe  
  35  4:24  Probe (Chrono Boost)  
  36  4:28  Pylon  
  36  4:34  Probe (Chrono Boost), Forge  
  37  4:40  Pylon  
  37  4:46  Phoenix (Chrono Boost)  
  39  4:53  Probe  
  39  4:56  Adept x2  
  39  4:58  Adept  
  46  5:26  Adept  
  46  5:27  Adept x2  
  52  5:42  Probe x2  
  54  5:50  Protoss Ground Weapons Level 1 (Chrono Boost)  
  54  6:14  Adept x3  
  60  6:21  Phoenix (Chrono Boost)  
  60  6:22  Probe  
  60  6:23  Probe  
  60  6:25  Assimilator  
  64  6:29  Assimilator  
  60  6:33  Pylon  
  60  6:34  Probe  
  60  6:35  Probe  
  62  6:42  Adept x3  
  68  6:49  Twilight Council  
  68  6:52  Gateway  
  68  6:53  Gateway  
  64  7:02  Stalker x2  
  68  7:14  Probe, Oracle (Chrono Boost)  
  68  7:21  Probe  
  69  7:23  Pylon  
  69  7:26  Probe  
  69  7:29  Photon Cannon  
Tags
 
Add a new tag
Caveats
  • Supply blocks, unpowered buildings, or Contaminate may cause inaccurate times.
  • Supply counts are checked every 10 seconds.